 Dungeon Crawl Stone Soup version 0.29.0-4-gdea44cf6ec (webtiles) character file.

Game seed: 8794018810768297735

1947 qw the Grappler (level 8, 0/78 HPs)
             Began as a Troll Cinder Acolyte on Aug 31, 2022.
             Was a High Priest of Ignis.
             Slain by Maggie
             ... wielding a +2 vorpal war axe
              (15 damage)
             ... on level 6 of the Dungeon.
             The game lasted 00:02:36 (4829 turns).

qw the Grappler (Troll Cinder Acolyte)              Turns: 4829, Time: 00:02:37

Health: 0/78       AC: 13    Str: 25    XL:     8   Next: 98%
Magic:  8/8        EV:  9    Int: 10    God:    Ignis [*****.]
Gold:   322        SH:  5    Dex:  5    Spells: 9/9 levels left

rFire   + . .      SeeInvis .     - Unarmed
rCold   . . .      Faith    .   (no shield)
rNeg    . . .      Spirit   .   d - +0 troll leather armour
rPois   .          Reflect  +   (helmet restricted)
rElec   .          Harm     .   (no cloak)
rCorr   .          Rampage  .   (gloves unavailable)
Will    .....                   (boots unavailable)
Stlth   +.........              i - amulet of reflection
HPRegen 1.83/turn               (no ring)
MPRegen 0.11/turn               (no ring)

@: lethally poisoned (0 -> 0), about to teleport, fiery-armoured
A: large, unfitting armour, claws 3, regeneration 1, shaggy fur 1, tough skin 1
a: Renounce Religion, Fiery Armour, Foxfire Swarm, Rising Flame


You were on level 6 of the Dungeon.
You worshipped Ignis.
Ignis was extremely pleased with you.
You visited 1 branch of the dungeon, and saw 6 of its levels.

You collected 322 gold pieces.


Innate Abilities, Weirdness & Mutations

You are too large for most types of armour.
You have claws for hands.
Your natural rate of healing is unusually fast.
You are covered in fur. (AC +1)
You have tough skin. (AC +1)


   Skills:
 - Level 4.0 Fighting
 - Level 1.6 Throwing
 - Level 1.3 Armour
 - Level 1.5 Dodging
 + Level 10.8 Unarmed Combat
 - Level 1.0 Spellcasting
 - Level 2.1 Fire Magic


You had 9 spell levels left.
You didn't know any spells.
Your spell library contained the following spells:

 Spells                   Type           Power      Damage    Failure   Level
 Scorch                   Fire           8%         2d5       24%         2

Inventory:

Missiles
 f - 2 boomerangs (quivered)
Armour
 d - a +0 troll leather armour (worn)
Jewellery
 i - an amulet of reflection (around neck)
Scrolls
 b - a scroll of teleportation
 c - a scroll of identify
 e - a scroll of enchant armour
Potions
 a - a potion of might {unknown}

Dungeon Overview and Level Annotations

Branches:
Dungeon (6/15)
 Temple: D:4-7

Altars:
Fedhas
Vehumet
The Shining One

Shops:
D:3 [

Annotations:
D:2 1 runed translucent door, Crazy Yiuf
D:6 Maggie


Message History

The iguana hisses angrily.
You scratch Maggie but do no damage.
Maggie is moderately wounded.
Maggie hits you with a +2 vorpal war axe.
The scorpion stings you.
You are poisoned.
The scorpion poisons you!
4826 ||| INVOKING Fiery Armour.
A protective cloak of flame settles atop you.
You break out of your daze.
You feel very sick.
The scorpion stings you but does no damage.
The scorpion is burned by your cloak of flames.
The scorpion is lightly wounded.
Maggie casts a spell at you. The bolt of fire hits you. You resist.
You claw Maggie!
Maggie is severely wounded.
You feel sick.
The scorpion stings you but does no damage.
Maggie mumbles the words to a spell, but in the wrong order.
You block Maggie's attack.
You scratch Maggie but do no damage.
Maggie is severely wounded.
You feel sick.
The scorpion stings you but does no damage.
The scorpion is burned by your cloak of flames.
The scorpion is moderately wounded.
Maggie hits you with a +2 vorpal war axe!
Maggie is burned by your cloak of flames.
Maggie is severely wounded.
4829 ||| READING 2 scrolls of teleportation.
As you read the scroll of teleportation, it crumbles to dust.
You feel strangely unstable.
You feel sick.
The scorpion stings you but does no damage.
The scorpion is burned by your cloak of flames.
The scorpion is heavily wounded.
Maggie hits you with a +2 vorpal war axe!
You die...

......?.. ...##
#........ .....
#........[....
...".#..#....
........#..#
.......l...# ......s@..#
............<...@######
..........^.......#.#.#
......................##
#................).....#
...........###........#
#.<.....## #.....#.##
#........# ###..#..#
#........####......##
####)....#.....##..#...#


You could see Maggie, a scorpion and an iguana.

Vanquished Creatures
  Sigmund (D:3)
  A water moccasin (D:5)
  2 ice beasts
  2 ogres
  3 black bears
  3 phantoms
  Blork the orc (D:5)
  2 scorpions (D:5)
  A killer bee (D:5)
  A hound (D:5)
  2 orc priests
  Jessica (D:2)
  4 iguanas
  Ijyb (D:4)
  3 orc wizards
  Natasha (thrice) (D:2)
  Robin (D:2)
  3 gnolls (D:4)
  7 adders
  A white imp (D:5)
  2 worms
  2 dart slugs
  14 orcs
  7 ball pythons
  7 endoplasms
  4 giant cockroaches
  17 goblins
  10 hobgoblins
  2 quokkas (D:1)
  3 bats
  4 frilled lizards
  6 kobolds
  3 rats
124 creatures vanquished.

Notes
Turn   | Place    | Note
-------+----------+-------------------------------------------
     0 | D:1      | qw the Troll Cinder Acolyte began the quest for the Orb.
     0 | D:1      | Reached XP level 1. HP: 22/22 MP: 1/1
     0 | D:1      | 0 ||| qw: Version: 0.1-a-97-g2dd2ca4
     0 | D:1      | 0 ||| qw: Game counter: 4473
     0 | D:1      | 0 ||| qw: Always use a shield: true
     0 | D:1      | 0 ||| qw: God list: Okawaru
     0 | D:1      | 0 ||| qw: Allow faded altars: false
     0 | D:1      | 0 ||| qw: Do Orc after D:15 true
     0 | D:1      | 0 ||| qw: Do second Lair branch before Depths: true
     0 | D:1      | 0 ||| qw: Lair rune preference: random
     0 | D:1      | 0 ||| qw: Plans: Normal
     0 | D:1      | 0 ||| PLANNING D:1-11
   146 | D:1      | 146 ||| Stepping ~*~*~tactically~*~*~ (outnumbered).
   148 | D:1      | 148 ||| Stepping ~*~*~tactically~*~*~ (outnumbered).
   150 | D:1      | 150 ||| Stepping ~*~*~tactically~*~*~ (outnumbered).
   222 | D:1      | Reached XP level 2. HP: 29/29 MP: 2/2
   330 | D:1      | 330 ||| Stepping ~*~*~tactically~*~*~ (stealth).
   336 | D:1      | 336 ||| Stepping ~*~*~tactically~*~*~ (outnumbered).
   355 | D:1      | Reached skill level 4 in Unarmed Combat
   754 | D:1      | 754 ||| UPGRADING to amulet of reflection.
   759 | D:1      | 759 ||| READING 3 scrolls labelled ICEXZE ONYESE.
   760 | D:1      | 760 ||| READING scroll labelled XYBOQY YNAV.
   761 | D:1      | 761 ||| READING scroll labelled WANIS AWKOFEO.
   762 | D:1      | 762 ||| READING scroll labelled BUPRUI UPHOM.
   763 | D:1      | 763 ||| READING scroll labelled JUH FIMAFUG.
   864 | D:1      | 864 ||| READING 2 scrolls of identify.
   864 | D:1      | 864 ||| IDENTIFYING silvery potion
   865 | D:1      | 865 ||| DROPPING potion of attraction.
   911 | D:2      | Reached XP level 3. HP: 36/36 MP: 3/3
   946 | D:2      | Found a faded altar of an unknown god.
   989 | D:2      | Noticed Natasha
  1009 | D:2      | Killed Natasha
  1137 | D:2      | Noticed Robin
  1138 | D:2      | 1138 ||| Stepping ~*~*~tactically~*~*~ (stealth).
  1140 | D:2      | 1140 ||| Stepping ~*~*~tactically~*~*~ (hiding).
  1144 | D:2      | Reached XP level 4. HP: 44/44 MP: 4/4
  1148 | D:2      | 1148 ||| Stepping ~*~*~tactically~*~*~ (outnumbered).
  1149 | D:2      | 1149 ||| Stepping ~*~*~tactically~*~*~ (outnumbered).
  1153 | D:2      | Reached skill level 5 in Unarmed Combat
  1169 | D:2      | 1169 ||| INVOKING Fiery Armour.
  1174 | D:2      | 1174 ||| Stepping ~*~*~tactically~*~*~ (outnumbered).
  1181 | D:2      | Killed Robin
  1183 | D:2      | 1183 ||| FLEEEEING.
  1184 | D:2      | 1184 ||| FLEEEEING.
  1185 | D:2      | 1185 ||| FLEEEEING.
  1186 | D:2      | 1186 ||| FLEEEEING.
  1187 | D:2      | 1187 ||| FLEEEEING.
  1201 | D:2      | 1201 ||| Stepping ~*~*~tactically~*~*~ (stealth).
  1259 | D:2      | Found a runed translucent door.
  1260 | D:2      | Noticed Crazy Yiuf
  1312 | D:2      | You fall into a shaft and drop 2 floors!
  1313 | D:4      | 1313 ||| DROPPING ring of wizardry.
  1314 | D:4      | 1314 ||| READING scroll labelled WAWETZE KA FOD.
  1374 | D:3      | Noticed a black bear
  1381 | D:3      | Killed a black bear
  1382 | D:3      | Reached skill level 6 in Unarmed Combat
  1382 | D:3      | Reached XP level 5. HP: 50/50 MP: 5/5
  1553 | D:2      | Found a glowing golden altar of the Shining One.
  1555 | D:2      | 1555 ||| Stepping ~*~*~tactically~*~*~ (stealth).
  1558 | D:2      | 1558 ||| Stepping ~*~*~tactically~*~*~ (stealth).
  1621 | D:2      | Noticed Natasha
  1630 | D:2      | Killed Natasha
  1867 | D:2      | Noticed Natasha
  1868 | D:2      | 1868 ||| Stepping ~*~*~tactically~*~*~ (hiding).
  1869 | D:2      | 1869 ||| Stepping ~*~*~tactically~*~*~ (hiding).
  1870 | D:2      | 1870 ||| Stepping ~*~*~tactically~*~*~ (hiding).
  1874 | D:2      | Killed Natasha
  1875 | D:2      | Reached XP level 6. HP: 58/59 MP: 6/6
  1996 | D:2      | Noticed Jessica
  2010 | D:2      | Killed Jessica
  2069 | D:2      | 2069 ||| READING scroll labelled ROECUNEIPIEST.
  2070 | D:2      | 2070 ||| DROPPING potion of invisibility.
  2158 | D:3      | 2158 ||| Stepping ~*~*~tactically~*~*~ (hiding).
  2170 | D:3      | Reached skill level 7 in Unarmed Combat
  2469 | D:3      | Noticed Sigmund
  2470 | D:3      | 2470 ||| FLEEEEING.
  2471 | D:3      | 2471 ||| FLEEEEING.
  2472 | D:3      | 2472 ||| FLEEEEING.
  2488 | D:3      | Killed Sigmund
  2489 | D:3      | Reached skill level 8 in Unarmed Combat
  2489 | D:3      | Reached XP level 7. HP: 45/66 MP: 7/7
  2546 | D:3      | Found Bioniov's Armour Shoppe.
  2714 | D:3      | Found a blossoming altar of Fedhas.
  2886 | D:3      | 2886 ||| READING scroll labelled ACITADIOFU.
  2887 | D:3      | 2887 ||| READING scroll labelled MUACVAQUS.
  2888 | D:3      | 2888 ||| DRINKING 2 metallic yellow potions.
  2925 | D:3      | 2925 ||| DROPPING potion of lignification.
  2961 | D:4      | 2961 ||| Stepping ~*~*~tactically~*~*~ (hiding).
  2971 | D:4      | 2971 ||| Stepping ~*~*~tactically~*~*~ (stealth).
  2974 | D:4      | 2974 ||| Stepping ~*~*~tactically~*~*~ (stealth).
  2989 | D:4      | Noticed Ijyb
  2994 | D:4      | Killed Ijyb
  3006 | D:4      | Reached skill level 3 in Fighting
  3050 | D:4      | 3050 ||| Stepping ~*~*~tactically~*~*~ (stealth).
  3057 | D:4      | 3057 ||| Stepping ~*~*~tactically~*~*~ (outnumbered).
  3646 | D:4      | 3646 ||| READING 3 scrolls labelled WOWAIL JAUBYTT.
  3650 | D:4      | 3650 ||| READING 2 scrolls of identify.
  3650 | D:4      | 3650 ||| IDENTIFYING red potion
  3651 | D:4      | 3651 ||| DROPPING potion of flight.
  3665 | D:5      | Entered Level 5 of the Dungeon
  3667 | D:5      | 3667 ||| Stepping ~*~*~tactically~*~*~ (hiding).
  3668 | D:5      | 3668 ||| STAIRDANCE
  3704 | D:5      | Reached skill level 9 in Unarmed Combat
  3716 | D:5      | 3716 ||| FLEEEEING.
  3717 | D:5      | 3717 ||| FLEEEEING.
  3718 | D:5      | 3718 ||| STAIRDANCE
  3728 | D:5      | Reached skill level 1 in Dodging
  3728 | D:5      | Reached XP level 8. HP: 70/75 MP: 8/8
  3751 | D:5      | Noticed Blork the orc
  3752 | D:5      | 3752 ||| Stepping ~*~*~tactically~*~*~ (hiding).
  3755 | D:5      | Killed Blork the orc
  3875 | D:5      | 3875 ||| Stepping ~*~*~tactically~*~*~ (stealth).
  3876 | D:5      | 3876 ||| Stepping ~*~*~tactically~*~*~ (stealth).
  3958 | D:5      | Found a radiant altar of Vehumet.
  4112 | D:5      | Reached skill level 10 in Unarmed Combat
  4278 | D:5      | 4278 ||| Stepping ~*~*~tactically~*~*~ (stealth).
  4279 | D:5      | 4279 ||| Stepping ~*~*~tactically~*~*~ (stealth).
  4282 | D:5      | 4282 ||| Stepping ~*~*~tactically~*~*~ (stealth).
  4694 | D:5      | 4694 ||| UPGRADING to +0 troll leather armour.
  4704 | D:5      | 4704 ||| DROPPING +0 robe.
  4705 | D:5      | 4705 ||| READING scroll labelled IFEOG KAORHOOM.
  4726 | D:6      | Reached skill level 1 in Throwing
  4747 | D:6      | Reached skill level 1 in Armour
  4808 | D:6      | Noticed Maggie
  4809 | D:6      | 4809 ||| Stepping ~*~*~tactically~*~*~ (hiding).
  4826 | D:6      | 4826 ||| INVOKING Fiery Armour.
  4828 | D:6      | HP: 18/78 [Maggie/+2 vorpal war axe (10)]
  4829 | D:6      | 4829 ||| READING 2 scrolls of teleportation.
  4829 | D:6      | Slain by Maggie

Levels and vault maps discovered:
D:1:      psy_arrival_heroes, layout_loops_ring, minmay_hexomino_u4
D:2:      layout_rooms, basic_altar, basic_ecumenical_altar, uniq_robin,
          uniq_crazy_yiuf_cottage, uniq_jessica, uniq_natasha
D:3:      layout_loops_corners, marbit_many_paths, serial_shops, shop,
          uniq_sigmund
D:4:      layout_basic, corexii_leaking_fountain, uniq_ijyb
D:5:      layout_basic, lemuel_coloured_pillars_altar, corexii_checkpoint_a,
          kennysheep_generic_room_11, uniq_blork_the_orc
D:6:      layout_cave_pools, minmay_temple_entry_hall, uniq_maggie

Skill      XL: |  1  2  3  4  5  6  7  8 |
---------------+-------------------------+-----
Unarmed Combat | 4 6 8 9 10 | 10.8
Fighting       | 3 4 |  4.0
Dodging        | 1 |  1.5
Throwing       | 1 |  1.6
Armour         | 1 |  1.3
Spellcasting   | |  1.0
Fire Magic     | |  2.1

Action                   |  1- 3 |  4- 6 |  7- 9 || total
-------------------------+-------+-------+-------++-------
Melee: Unarmed           |    94 |    95 |   164 ||   353
       Punch             |       |     2 |     5 ||     7
Throw: Boomerang         |       |       |    13 ||    13
Invok: Fiery Armour      |       |     1 |     1 ||     2
  Use: Scroll            |     6 |     2 |     6 ||    14
       Potion            |       |       |     1 ||     1
Armor: Robe              |    28 |    17 |    20 ||    65
       Troll leather arm |       |       |     8 ||     8
Dodge: Dodged            |    37 |    15 |    28 ||    80
Block: Other             |     8 |    17 |    25 ||    50
       Reflection        |       |       |     2 ||     2

Table legend:
 A = Non-vault XP
 B = Vault XP
 C = Vault XP percentage of total XP
 D = Non-vault monster count
 E = Vault monster count
 F = Vault count percentage of total count
                 A         B        C        D         E       F
            +---------+---------+-------+---------+---------+-------
      Total |    2248 |     534 |  19.2 |     101 |      23 |  18.5
            +---------+---------+-------+---------+---------+-------
        D:1 |      34 |       5 |  12.8 |      19 |       3 |  13.6
        D:2 |     137 |     110 |  44.5 |      20 |      13 |  39.4
        D:3 |     245 |     216 |  46.9 |      17 |       2 |  10.5
        D:4 |     475 |      36 |   7.0 |      18 |       1 |   5.3
        D:5 |     972 |     167 |  14.7 |      23 |       4 |  14.8
        D:6 |     385 |       0 |   0.0 |       4 |       0 |   0.0
            +---------+---------+-------+---------+---------+-------
